Predators vs Canadiens
Created - November 10, 2023 at 20:15
Goals
|
| Predators |
2 |
1 |
2 |
5 |
| Canadiens |
1 |
0 |
1 |
2 |
|
Shots
|
| Predators |
6 |
11 |
8 |
25 |
| Canadiens |
16 |
12 |
12 |
40 |
|
1st period
1. Predators , Scott Laughton 4 (Josh Morrissey 2) at 13:36
2. Canadiens , Jean-Gabriel Pageau 2 (Kyle Clifford 6, Mika Zibanejad 9) at 16:18 (PP)
3. Predators , Andy Miele 4 (Ryan Mcdonagh 6, Alexander Ovechkin 4) at 19:21 (PP)
Penalties :
Jordan Szwarz (Mon) for Hooking (Minor) at 4:20, Alexander Ovechkin (Nas) for Checking from behind (Minor) at 15:26, Brent Burns (Mon) for Hooking (Minor) at 18:11
2nd period
4. Predators , Andy Miele 5 (Reilly Smith 4, Jaden Schwartz 6) at 17:21
Penalties :
Mark Pysyk (Nas) for Hooking (Minor) at 2:16
3rd period
5. Predators , Mikael Granlund 6 (Justin Faulk 6) at 2:53
6. Canadiens , Greg Stewart 4 (Mika Zibanejad 10, David Pastrnak 5) at 6:59 (PP)
7. Predators , Alexander Ovechkin 3 (Andy Miele 5, Reilly Smith 5) at 11:00 (PP)
Penalties :
Kyle Clifford (Mon) for Cross-checking (Minor) at 4:02, Scott Laughton (Nas) for Goalie Interference (Minor) at 6:15, David Pastrnak (Mon) for Interference (Minor) at 10:28
Goalie Stats
Kari Lehtonen (Nas), 38 saves from 40 shots - (0.950), W, 2-1-0, 60:00 minutes
Robin Lehner (Mon), 20 saves from 25 shots - (0.800), L, 7-3-0, 60:00 minutes
Players Stats for Predators
Player Name G A P +/- PIM S H SB GA TA FO MP PP MP PK MP
------------------------------------------------------------------------------------
Alexander Ovechkin 1 1 2 1 2 5 3 2 0 1 0/0 20:21 2:51 0:00
Andreas Englund 0 0 0 0 0 0 1 0 0 3 0/0 12:19 0:00 0:00
Andy Miele 2 1 3 1 0 4 3 0 0 0 14/16 20:52 2:51 2:49
Claude Giroux 0 0 0 1 0 2 0 0 2 0 16/27 20:18 2:49 0:46
Jaden Schwartz 0 1 1 1 0 2 0 0 0 0 0/1 19:20 0:00 2:49
Joel Armia 0 0 0 0 0 0 1 0 0 0 0/0 2:26 0:00 0:00
John Moore 0 0 0 0 0 1 2 0 1 1 0/0 27:56 4:18 1:30
Josh Morrissey 0 1 1 3 0 0 0 1 0 2 0/0 19:45 1:22 2:05
Justin Faulk 0 1 1 3 0 1 2 0 0 1 0/0 19:45 1:22 2:05
Lucas Wallmark 0 0 0 0 0 0 1 0 0 0 2/4 8:14 0:00 0:00
Mark Pysyk 0 0 0 1 2 3 1 0 0 0 0/0 13:41 0:00 0:13
Markus Granlund 0 0 0 0 0 0 1 0 0 0 0/4 11:07 2:49 0:00
Mikael Granlund 1 0 1 1 0 2 1 0 2 0 1/2 20:33 2:49 0:00
Nicolas Kerdiles 0 0 0 1 0 1 1 0 0 0 0/0 11:09 0:00 0:33
Reilly Smith 0 2 2 1 0 0 3 0 0 0 0/1 17:46 2:51 0:00
Ryan Mcdonagh 0 1 1 0 0 2 0 2 0 2 0/0 27:56 4:18 1:30
Scott Laughton 1 0 1 1 2 2 0 0 1 0 3/8 10:35 0:00 0:00
Travis Dermott 0 0 0 0 0 0 0 0 0 0 0/0 12:19 0:00 0:00
Players Stats for Canadiens
Player Name G A P +/- PIM S H SB GA TA FO MP PP MP PK MP
------------------------------------------------------------------------------------
Brandon Bollig 0 0 0 0 0 2 0 0 0 0 0/0 10:57 0:00 3:13
Brent Burns 0 0 0 -3 2 0 2 2 0 1 0/0 21:48 2:10 1:38
Brian Dumoulin 0 0 0 0 0 0 0 0 0 1 0/0 10:24 0:00 0:00
Corban Knight 0 0 0 0 0 2 5 0 0 0 1/4 11:50 0:00 1:39
David Pastrnak 0 1 1 -2 2 2 2 0 2 0 0/0 17:24 1:58 0:00
Greg Stewart 1 0 1 -2 0 4 2 1 2 0 0/0 18:14 1:58 0:39
Jean-Gabriel Pageau 1 0 1 -2 0 2 1 0 0 0 6/12 16:44 1:37 0:00
Jiri Sekac 0 0 0 0 0 0 2 0 0 0 0/0 11:40 0:00 1:34
Jordan Szwarz 0 0 0 -1 2 3 0 0 1 1 1/2 18:59 1:37 0:00
Justin Schultz 0 0 0 0 0 2 0 0 0 1 0/0 24:33 1:25 2:12
Kevin Shattenkirk 0 0 0 0 0 6 1 3 2 1 0/0 25:23 2:10 0:34
Kyle Clifford 0 1 1 -1 2 4 1 1 0 0 1/2 18:59 1:37 0:00
Mika Zibanejad 0 2 2 -1 0 5 1 0 1 0 12/34 19:36 1:58 0:00
Mike Richards 0 0 0 0 0 0 0 0 1 0 6/9 10:58 0:00 3:14
Rasmus Ristolainen 0 0 0 -3 0 5 0 1 1 0 0/0 24:14 1:25 3:28
Rickard Rakell 0 0 0 0 0 2 3 0 0 0 0/0 11:12 0:00 1:01
Sean Zimmerman 0 0 0 0 0 0 1 0 0 1 0/0 13:37 0:00 3:28
Ty Rattie 0 0 0 0 0 1 0 0 0 0 0/0 7:44 0:00 0:00
3 Stars
1 - Andy Miele (Nas)
2 - Kari Lehtonen (Nas)
3 - Alexander Ovechkin (Nas)
Power Play
Predators - 2 on 4 Attempt(s) - 50.00%
Canadiens - 2 on 3 Attempt(s) - 66.67%
Penalty Kill
Predators - 1 on 3 Attempt(s) - 33.33%
- Score 0 goal in Penalty Kill
Canadiens - 2 on 4 Attempt(s) - 50.00%
- Score 0 goal in Penalty Kill
Team Stat
Predators - Hits : 20 - Faceoff Wins : 36 - Blocked Shots : 5 - Penalty Minutes : 6
Canadiens - Hits : 21 - Faceoff Wins : 27 - Blocked Shots : 8 - Penalty Minutes : 8
Official
Referees : Brad Meier and Kyle Rehman
Linesman : Julien Fournier and James Tobias
Game Notes
Joel Armia is injured at 1:24 of 2nd period (Fractured Bone in Left Hand)
Finance
Level 1 -- Attendance: 5504 (91.73%) -- Ticket Income $550,400
Level 2 -- Attendance: 5000 (100.00%) -- Ticket Income $300,000
Level 3 -- Attendance: 1860 (93.00%) -- Ticket Income $65,100
Level 4 -- Attendance: 3987 (99.68%) -- Ticket Income $99,675
Luxury Box -- Attendance: 1000 (100.00%) -- Ticket Income $200,000
Game was played at the Centre Bell.
Total Attendance: 17351 (96.39%)
Total Ticket Income: $1,215,175
Other Income: $182,276
Total Income: $1,397,451
Predators
5 vs 5 Forward
Center Left Wing Right Wing Time % Phy DF OF
1 Claude Giroux Alexander Ovechkin Mikael Granlund 40 1 1 3
2 Andy Miele Jaden Schwartz Reilly Smith 30 1 2 2
3 Scott Laughton Nicolas Kerdiles Mark Pysyk 20 1 2 2
4 Lucas Wallmark Markus Granlund Joel Armia 10 1 2 2
5 vs 5 Defense
Defense Defense Time % Phy DF OF
1 Ryan Mcdonagh John Moore 40 1 2 2
2 Justin Faulk Josh Morrissey 30 1 2 2
3 Andreas Englund Travis Dermott 20 1 2 2
4 Ryan Mcdonagh John Moore 10 1 2 2
PowerPlay Forward
Center Left Wing Right Wing Time % Phy DF OF
1 Markus Granlund Claude Giroux Mikael Granlund 60 1 1 3
2 Andy Miele Alexander Ovechkin Reilly Smith 40 1 1 3
PowerPlay Defense
Defense Defense Time % Phy DF OF
1 Ryan Mcdonagh John Moore 60 1 2 2
2 Justin Faulk Josh Morrissey 40 1 2 2
Penalty Kill 4 Players Forward
Center Wing Time % Phy DF OF
1 Andy Miele Jaden Schwartz 60 1 2 2
2 Claude Giroux Mark Pysyk 40 1 2 2
Penalty Kill 4 Players Defense
Defense Defense Time % Phy DF OF
1 Ryan Mcdonagh John Moore 60 1 2 2
2 Justin Faulk Josh Morrissey 40 1 2 2
Penalty Kill - 3 Players Forward
Forward Time % Phy DF OF
1 Mark Pysyk 60 1 3 1
2 Jaden Schwartz 40 1 3 1
Penalty Kill - 3 Players Defense
Defense Defense Time % Phy DF OF
1 Ryan Mcdonagh John Moore 60 1 3 1
2 Justin Faulk Josh Morrissey 40 1 3 1
4 vs 4 Forward
Center Wing Time % Phy DF OF
1 Mikael Granlund Claude Giroux 60 1 2 2
2 Markus Granlund Jaden Schwartz 40 1 2 2
4 vs 4 Defense
Defense Defense Time % Phy DF OF
1 Ryan Mcdonagh John Moore 60 1 2 2
2 Justin Faulk Josh Morrissey 40 1 2 2
Last Minutes Offensive
Center Left Wing Right Wing Defense Defense
Mikael Granlund Claude Giroux Alexander Ovechkin Ryan Mcdonagh John Moore
Last Minutes Defensive
Center Left Wing Right Wing Defense Defense
Mikael Granlund Claude Giroux Mark Pysyk Ryan Mcdonagh John Moore
Goaltenders
Starting : Kari Lehtonen
Backup : Michal Neuvirth
Extra Forwards
Normal : Jaden Schwartz, Alexander Ovechkin, Mark Pysyk - PP : Jaden Schwartz, Alexander Ovechkin - PK : Nicolas Kerdiles
Extra Defensemen
Normal : Josh Morrissey, Andreas Englund, Travis Dermott - PP : Josh Morrissey - PK : Josh Morrissey, Andreas Englund
Penalty Shots
Claude Giroux, Mikael Granlund, Alexander Ovechkin, Jaden Schwartz, Reilly Smith
Custom OT Lines Forwards
Claude Giroux, Mikael Granlund, Alexander Ovechkin, Jaden Schwartz, Reilly Smith, Andy Miele, Mark Pysyk, Nicolas Kerdiles, Scott Laughton, Markus Granlund
Custom OT Lines Defensemen
Ryan Mcdonagh, John Moore, Justin Faulk, Josh Morrissey, Andreas Englund
Scratches
Jack Eichel (Separated Right Shoulder Injury)
Canadiens
5 vs 5 Forward
Center Left Wing Right Wing Time % Phy DF OF
1 Mika Zibanejad Kyle Clifford Jordan Szwarz 40 0 1 4
2 Jean-Gabriel Pageau Greg Stewart David Pastrnak 35 0 2 3
3 Corban Knight Jiri Sekac Rickard Rakell 20 0 2 3
4 Mike Richards Brandon Bollig Ty Rattie 5 0 2 3
5 vs 5 Defense
Defense Defense Time % Phy DF OF
1 Kevin Shattenkirk Justin Schultz 40 0 3 2
2 Brent Burns Rasmus Ristolainen 35 0 3 2
3 Sean Zimmerman Brian Dumoulin 15 0 3 2
4 Kevin Shattenkirk Rasmus Ristolainen 10 0 3 2
PowerPlay Forward
Center Left Wing Right Wing Time % Phy DF OF
1 Mika Zibanejad Greg Stewart David Pastrnak 60 0 0 5
2 Jean-Gabriel Pageau Kyle Clifford Jordan Szwarz 40 0 0 5
PowerPlay Defense
Defense Defense Time % Phy DF OF
1 Brent Burns Kevin Shattenkirk 60 0 0 5
2 Justin Schultz Rasmus Ristolainen 40 0 0 5
Penalty Kill 4 Players Forward
Center Wing Time % Phy DF OF
1 Mike Richards Brandon Bollig 60 0 4 1
2 Corban Knight Jiri Sekac 40 0 4 1
Penalty Kill 4 Players Defense
Defense Defense Time % Phy DF OF
1 Sean Zimmerman Rasmus Ristolainen 60 0 5 0
2 Brent Burns Justin Schultz 40 0 5 0
Penalty Kill - 3 Players Forward
Forward Time % Phy DF OF
1 Jean-Gabriel Pageau 60 0 5 0
2 Mika Zibanejad 40 0 5 0
Penalty Kill - 3 Players Defense
Defense Defense Time % Phy DF OF
1 Kevin Shattenkirk Brent Burns 60 0 5 0
2 Rasmus Ristolainen Brian Dumoulin 40 0 5 0
4 vs 4 Forward
Center Wing Time % Phy DF OF
1 Jean-Gabriel Pageau Rickard Rakell 60 0 2 3
2 Mika Zibanejad David Pastrnak 40 0 2 3
4 vs 4 Defense
Defense Defense Time % Phy DF OF
1 Brent Burns Sean Zimmerman 60 0 2 3
2 Justin Schultz Brian Dumoulin 40 0 2 3
Last Minutes Offensive
Center Left Wing Right Wing Defense Defense
Mika Zibanejad Kyle Clifford David Pastrnak Rasmus Ristolainen Kevin Shattenkirk
Last Minutes Defensive
Center Left Wing Right Wing Defense Defense
Jean-Gabriel Pageau Jiri Sekac Jordan Szwarz Brent Burns Sean Zimmerman
Goaltenders
Starting : Robin Lehner
Backup : Igor Shesterkin
Extra Forwards
Normal : David Pastrnak, Mika Zibanejad, Kyle Clifford - PP : David Pastrnak, Mika Zibanejad - PK : Rickard Rakell
Extra Defensemen
Normal : Rasmus Ristolainen, Kevin Shattenkirk, Brian Dumoulin - PP : Rasmus Ristolainen - PK : Kevin Shattenkirk, Sean Zimmerman
Penalty Shots
David Pastrnak, Jean-Gabriel Pageau, Mika Zibanejad, Kyle Clifford, Rickard Rakell
Custom OT Lines Forwards
Mika Zibanejad, David Pastrnak, Kyle Clifford, Jean-Gabriel Pageau, Greg Stewart, Jordan Szwarz, Rickard Rakell, Jiri Sekac, Corban Knight, Mike Richards
Custom OT Lines Defensemen
Rasmus Ristolainen, Kevin Shattenkirk, Brent Burns, Justin Schultz, Brian Dumoulin
Scratches
None
% Time on Ice - Predators
Lines # - Real PCT - Wanted PCT - Time Play
Normal Forward
1 - 34% - 40% - 17:18
2 - 29% - 30% - 14:37
3 - 21% - 20% - 10:36
4 - 16% - 10% - 8:14
Normal Defense
1 - 39% - 40% - 19:47
2 - 32% - 30% - 16:18
3 - 24% - 20% - 12:19
4 - 5% - 10% - 2:21
PP Forward
1 - 50% - 60% - 2:49
2 - 50% - 40% - 2:51
PP Defense
1 - 76% - 60% - 4:18
2 - 24% - 40% - 1:22
PK Forward
1 - 79% - 60% - 2:49
2 - 21% - 40% - 0:46
PK Defense
1 - 42% - 60% - 1:30
2 - 58% - 40% - 2:05
PK3 Forward
1 - 0% - 60%
2 - 0% - 40%
PK3 Defense
1 - 0% - 60%
2 - 0% - 40%
44 Forward
1 - 0% - 60%
2 - 0% - 40%
44 Defense
1 - 0% - 60%
2 - 0% - 40%
Last Minute Offensive - 0:00
Last Minute Defensive - 0:00
Total
Forward - 60:00
Defense - 60:00
|
% Time on Ice - Canadiens
Lines # - Real PCT - Wanted PCT - Time Play
Normal Forward
1 - 33% - 40% - 16:53
2 - 32% - 35% - 16:02
3 - 20% - 20% - 10:06
4 - 15% - 5% - 7:44
Normal Defense
1 - 41% - 40% - 20:41
2 - 35% - 35% - 17:57
3 - 20% - 15% - 10:09
4 - 4% - 10% - 1:58
PP Forward
1 - 55% - 60% - 1:58
2 - 45% - 40% - 1:37
PP Defense
1 - 60% - 60% - 2:10
2 - 40% - 40% - 1:25
PK Forward
1 - 72% - 60% - 4:06
2 - 28% - 40% - 1:34
PK Defense
1 - 61% - 60% - 3:28
2 - 39% - 40% - 2:12
PK3 Forward
1 - 0% - 60%
2 - 0% - 40%
PK3 Defense
1 - 0% - 60%
2 - 0% - 40%
44 Forward
1 - 0% - 60%
2 - 0% - 40%
44 Defense
1 - 0% - 60%
2 - 0% - 40%
Last Minute Offensive - 0:00
Last Minute Defensive - 0:00
Total
Forward - 60:00
Defense - 60:00
|
Play-by-Play
1st period
0:01 of 1st period - Mika Zibanejad wins face-off versus Claude Giroux in neutral zone.
0:13 of 1st period - Justin Schultz is hit by Alexander Ovechkin and loses puck.
1:11 of 1st period - Off-side.
1:12 of 1st period - Lucas Wallmark wins face-off versus Mike Richards in neutral zone.
1:17 of 1st period - Slapshot by Joel Armia.
1:17 of 1st period - Shot Misses the Net.
1:45 of 1st period - Brian Dumoulin is hit by Justin Faulk and loses puck.
2:52 of 1st period - Wrist shot by Greg Stewart.
2:52 of 1st period - Stopped by Kari Lehtonen without a rebound.
2:53 of 1st period - Mika Zibanejad wins face-off versus Reilly Smith in Predators zone.
4:01 of 1st period - Slapshot by Ty Rattie.
4:01 of 1st period - Shot Misses the Net.
4:03 of 1st period - Wrist shot by Brandon Bollig.
4:03 of 1st period - Stopped by Kari Lehtonen without a rebound.
4:04 of 1st period - Claude Giroux wins face-off versus Mike Richards in Predators zone.
4:11 of 1st period - Wrist shot by Claude Giroux.
4:11 of 1st period - Stopped by Robin Lehner without a rebound.
4:12 of 1st period - Claude Giroux wins face-off versus Mika Zibanejad in Canadiens zone.
4:20 of 1st period - Minor Penalty to Jordan Szwarz for Hooking.
4:21 of 1st period - Mike Richards wins face-off versus Markus Granlund in Canadiens zone.
5:55 of 1st period - Corban Knight is hit by Markus Granlund and loses puck.
6:20 of 1st period - Penalty to Jordan Szwarz is over, Jordan Szwarz is back on ice.
6:30 of 1st period - Snap shot by Kyle Clifford.
6:30 of 1st period - Stopped by Kari Lehtonen with a rebound.
6:36 of 1st period - Kyle Clifford is hit by Nicolas Kerdiles and loses puck.
7:09 of 1st period - Wrist shot by Corban Knight.
7:09 of 1st period - Stopped by Kari Lehtonen with a rebound.
7:51 of 1st period - Brandon Bollig is hit by Justin Faulk.
8:10 of 1st period - Ryan Mcdonagh is hit by Brent Burns.
8:22 of 1st period - Ryan Mcdonagh is hit by Corban Knight and loses puck.
8:39 of 1st period - Joel Armia is hit by Sean Zimmerman and loses puck.
9:32 of 1st period - Greg Stewart is hit by Andy Miele and loses puck.
9:48 of 1st period - Slapshot by Kevin Shattenkirk.
9:48 of 1st period - Stopped by Kari Lehtonen with a rebound.
9:50 of 1st period - Slapshot by Kevin Shattenkirk.
9:50 of 1st period - Stopped by Kari Lehtonen without a rebound.
9:51 of 1st period - Claude Giroux wins face-off versus Mika Zibanejad in Predators zone.
9:58 of 1st period - Slapshot by Alexander Ovechkin.
9:58 of 1st period - Stopped by Robin Lehner without a rebound.
9:59 of 1st period - Mika Zibanejad wins face-off versus Claude Giroux in Canadiens zone.
10:18 of 1st period - Wrist shot by Jordan Szwarz.
10:18 of 1st period - Shot Blocked by Alexander Ovechkin.
10:20 of 1st period - Slapshot by Brent Burns.
10:20 of 1st period - Shot Misses the Net.
10:22 of 1st period - Snap shot by Mika Zibanejad.
10:22 of 1st period - Stopped by Kari Lehtonen without a rebound.
10:23 of 1st period - Andy Miele wins face-off versus Jean-Gabriel Pageau in Predators zone.
10:49 of 1st period - Kevin Shattenkirk is hit by Mikael Granlund and loses puck.
11:19 of 1st period - Wrist shot by Kyle Clifford.
11:19 of 1st period - Stopped by Kari Lehtonen without a rebound.
11:20 of 1st period - Andy Miele wins face-off versus Jean-Gabriel Pageau in Predators zone.
11:33 of 1st period - Wrist shot by David Pastrnak.
11:33 of 1st period - Stopped by Kari Lehtonen with a rebound.
11:35 of 1st period - Snap shot by Greg Stewart.
11:35 of 1st period - Stopped by Kari Lehtonen with a rebound.
13:07 of 1st period - Icing by John Moore.
13:08 of 1st period - Andy Miele wins face-off versus Mika Zibanejad in Predators zone.
13:15 of 1st period - Brian Dumoulin is hit by Reilly Smith and loses puck.
13:20 of 1st period - Snap shot by Andy Miele.
13:20 of 1st period - Shot Blocked by Kyle Clifford.
13:26 of 1st period - Wrist shot by Jaden Schwartz.
13:26 of 1st period - Stopped by Robin Lehner without a rebound.
13:27 of 1st period - Jean-Gabriel Pageau wins face-off versus Scott Laughton in Canadiens zone.
13:32 of 1st period - Snap shot by Scott Laughton.
13:32 of 1st period - Stopped by Robin Lehner with a rebound.
13:34 of 1st period - Backhand shot by Josh Morrissey.
13:34 of 1st period - Shot Blocked by Brent Burns.
13:36 of 1st period - Snap shot by Scott Laughton.
13:36 of 1st period - Goal by Scott Laughton - Predators : 1 - Canadiens : 0.
13:37 of 1st period - Jean-Gabriel Pageau wins face-off versus Claude Giroux in neutral zone.
13:37 of 1st period - Jean-Gabriel Pageau is hit by Alexander Ovechkin.
14:27 of 1st period - Nicolas Kerdiles is hit by Corban Knight and loses puck.
14:36 of 1st period - Wrist shot by Scott Laughton.
14:36 of 1st period - Shot Blocked by Kevin Shattenkirk.
14:43 of 1st period - Icing by Corban Knight.
14:44 of 1st period - Mike Richards wins face-off versus Lucas Wallmark in Canadiens zone.
15:20 of 1st period - Snap shot by Jean-Gabriel Pageau.
15:20 of 1st period - Shot Blocked by Alexander Ovechkin.
15:26 of 1st period - Minor Penalty to Alexander Ovechkin for Checking from behind.
15:27 of 1st period - Andy Miele wins face-off versus Mika Zibanejad in Predators zone.
15:27 of 1st period - Andy Miele is hit by David Pastrnak.
15:41 of 1st period - Jaden Schwartz is hit by Mika Zibanejad and loses puck.
16:18 of 1st period - Snap shot by Kyle Clifford.
16:18 of 1st period - Deflect By Jean-Gabriel Pageau.
16:18 of 1st period - Goal by Jean-Gabriel Pageau - Predators : 1 - Canadiens : 1.
16:19 of 1st period - Jordan Szwarz wins face-off versus Claude Giroux in neutral zone.
16:55 of 1st period - Slapshot by Rasmus Ristolainen.
16:55 of 1st period - Deflect By Jean-Gabriel Pageau.
16:55 of 1st period - Shot Misses the Net.
16:55 of 1st period - Puck is out of play.
16:56 of 1st period - Mika Zibanejad wins face-off versus Scott Laughton in Predators zone.
16:59 of 1st period - Slapshot by Jordan Szwarz.
16:59 of 1st period - Stopped by Kari Lehtonen without a rebound.
17:00 of 1st period - Mika Zibanejad wins face-off versus Scott Laughton in Predators zone.
17:37 of 1st period - Snap shot by Jean-Gabriel Pageau.
17:37 of 1st period - Stopped by Kari Lehtonen with a rebound.
17:51 of 1st period - Slapshot by Rickard Rakell.
17:51 of 1st period - Stopped by Kari Lehtonen with a rebound.
17:53 of 1st period - Wrist shot by Corban Knight.
17:53 of 1st period - Shot Misses the Net.
17:55 of 1st period - Wrist shot by Corban Knight.
17:55 of 1st period - Stopped by Kari Lehtonen with a rebound.
17:57 of 1st period - Wrist shot by Kevin Shattenkirk.
17:57 of 1st period - Stopped by Kari Lehtonen without a rebound.
17:58 of 1st period - Andy Miele wins face-off versus Mika Zibanejad in Predators zone.
18:09 of 1st period - Wrist shot by Andy Miele.
18:09 of 1st period - Shot Blocked by Brent Burns.
18:11 of 1st period - Minor Penalty to Brent Burns for Hooking.
18:12 of 1st period - Mike Richards wins face-off versus Markus Granlund in Canadiens zone.
18:27 of 1st period - Slapshot by Sean Zimmerman.
18:27 of 1st period - Shot Blocked by Ryan Mcdonagh.
19:21 of 1st period - Snap shot by Andy Miele.
19:21 of 1st period - Goal by Andy Miele - Predators : 2 - Canadiens : 1.
19:22 of 1st period - Scott Laughton wins face-off versus Mika Zibanejad in neutral zone.
19:54 of 1st period - Kevin Shattenkirk is hit by Joel Armia and loses puck.
Goals for this period are 2 for Predators vs 1 for Canadiens.
Shots for this period are 6 for Predators vs 16 for Canadiens.
2nd period
0:01 of 2nd period - Mika Zibanejad wins face-off versus Mikael Granlund in neutral zone.
0:16 of 2nd period - Snap shot by Kyle Clifford.
0:16 of 2nd period - Shot Blocked by Ryan Mcdonagh.
0:30 of 2nd period - Snap shot by Corban Knight.
0:30 of 2nd period - Shot Misses the Net.
0:32 of 2nd period - Slapshot by Rasmus Ristolainen.
0:32 of 2nd period - Stopped by Kari Lehtonen with a rebound.
0:34 of 2nd period - Slapshot by Rickard Rakell.
0:34 of 2nd period - Stopped by Kari Lehtonen without a rebound.
0:35 of 2nd period - Jean-Gabriel Pageau wins face-off versus Andy Miele in Predators zone.
1:03 of 2nd period - Snap shot by Kyle Clifford.
1:03 of 2nd period - Shot Misses the Net.
1:23 of 2nd period - Joel Armia is hit by Rickard Rakell and loses puck.
1:24 of 2nd period - Joel Armia from Predators is injured at 1:24 of 2nd period (Fractured Bone in Left Hand).
1:25 of 2nd period - Claude Giroux wins face-off versus Jean-Gabriel Pageau in Predators zone.
1:52 of 2nd period - Andy Miele is hit by Corban Knight and loses puck.
2:16 of 2nd period - Minor Penalty to Mark Pysyk for Hooking.
2:17 of 2nd period - Andy Miele wins face-off versus Mika Zibanejad in Predators zone.
2:36 of 2nd period - Justin Faulk is hit by Brent Burns.
2:50 of 2nd period - Backhand shot by Mika Zibanejad.
2:50 of 2nd period - Stopped by Kari Lehtonen without a rebound.
2:51 of 2nd period - Jean-Gabriel Pageau wins face-off versus Jaden Schwartz in Predators zone.
2:58 of 2nd period - Wrist shot by Kyle Clifford.
2:58 of 2nd period - Stopped by Kari Lehtonen without a rebound.
2:59 of 2nd period - Andy Miele wins face-off versus Jean-Gabriel Pageau in Predators zone.
2:59 of 2nd period - Andy Miele is hit by Kyle Clifford.
3:41 of 2nd period - John Moore is hit by Jean-Gabriel Pageau and loses puck.
4:04 of 2nd period - Wrist shot by Kyle Clifford.
4:04 of 2nd period - Shot Misses the Net.
4:06 of 2nd period - Snap shot by Jordan Szwarz.
4:06 of 2nd period - Shot Blocked by Josh Morrissey.
4:16 of 2nd period - Penalty to Mark Pysyk is over, Mark Pysyk is back on ice.
4:16 of 2nd period - Wrist shot by Jordan Szwarz.
4:16 of 2nd period - Shot Misses the Net.
4:44 of 2nd period - Wrist shot by Kyle Clifford.
4:44 of 2nd period - Stopped by Kari Lehtonen with a rebound.
4:48 of 2nd period - Wrist shot by Jordan Szwarz.
4:48 of 2nd period - Stopped by Kari Lehtonen with a rebound.
4:50 of 2nd period - Slapshot by Rasmus Ristolainen.
4:50 of 2nd period - Stopped by Kari Lehtonen without a rebound.
4:51 of 2nd period - Claude Giroux wins face-off versus Corban Knight in Predators zone.
4:51 of 2nd period - Claude Giroux is hit by Jiri Sekac.
4:59 of 2nd period - Claude Giroux is hit by Jiri Sekac and loses puck.
5:33 of 2nd period - Ryan Mcdonagh is hit by Corban Knight and loses puck.
6:26 of 2nd period - Sean Zimmerman is hit by Lucas Wallmark and loses puck.
7:08 of 2nd period - Icing by Kevin Shattenkirk.
7:09 of 2nd period - Scott Laughton wins face-off versus Mika Zibanejad in Canadiens zone.
7:27 of 2nd period - John Moore is hit by Greg Stewart and loses puck.
9:22 of 2nd period - Slapshot by Kevin Shattenkirk.
9:22 of 2nd period - Stopped by Kari Lehtonen without a rebound.
9:23 of 2nd period - Kyle Clifford wins face-off versus Claude Giroux in Predators zone.
9:24 of 2nd period - Snap shot by Jordan Szwarz.
9:24 of 2nd period - Stopped by Kari Lehtonen with a rebound.
11:41 of 2nd period - Wrist shot by Andy Miele.
11:41 of 2nd period - Stopped by Robin Lehner with a rebound.
11:58 of 2nd period - Snap shot by Greg Stewart.
11:58 of 2nd period - Stopped by Kari Lehtonen without a rebound.
11:59 of 2nd period - Claude Giroux wins face-off versus Mika Zibanejad in Predators zone.
12:34 of 2nd period - Slapshot by Mark Pysyk.
12:34 of 2nd period - Stopped by Robin Lehner without a rebound.
12:35 of 2nd period - Scott Laughton wins face-off versus Corban Knight in Canadiens zone.
12:36 of 2nd period - Slapshot by Mark Pysyk.
12:36 of 2nd period - Stopped by Robin Lehner with a rebound.
13:26 of 2nd period - Snap shot by Mark Pysyk.
13:26 of 2nd period - Stopped by Robin Lehner without a rebound.
13:27 of 2nd period - Lucas Wallmark wins face-off versus Corban Knight in Canadiens zone.
13:54 of 2nd period - Slapshot by Claude Giroux.
13:54 of 2nd period - Shot Misses the Net.
13:56 of 2nd period - Slapshot by John Moore.
13:56 of 2nd period - Stopped by Robin Lehner with a rebound.
14:02 of 2nd period - Backhand shot by Claude Giroux.
14:02 of 2nd period - Shot Blocked by Rasmus Ristolainen.
14:04 of 2nd period - Slapshot by Ryan Mcdonagh.
14:04 of 2nd period - Deflect By Brent Burns.
14:04 of 2nd period - Stopped by Robin Lehner with a rebound.
14:06 of 2nd period - Snap shot by Alexander Ovechkin.
14:06 of 2nd period - Stopped by Robin Lehner with a rebound.
14:53 of 2nd period - Kevin Shattenkirk is hit by Reilly Smith and loses puck.
16:43 of 2nd period - Markus Granlund is hit by Rickard Rakell and loses puck.
17:21 of 2nd period - Snap shot by Andy Miele.
17:21 of 2nd period - Goal by Andy Miele - Predators : 3 - Canadiens : 1.
17:22 of 2nd period - Andy Miele wins face-off versus Mika Zibanejad in neutral zone.
17:25 of 2nd period - Wrist shot by Jaden Schwartz.
17:25 of 2nd period - Shot Blocked by Kevin Shattenkirk.
17:27 of 2nd period - Snap shot by Reilly Smith.
17:27 of 2nd period - Shot Misses the Net.
17:29 of 2nd period - Slapshot by Justin Faulk.
17:29 of 2nd period - Stopped by Robin Lehner without a rebound.
17:30 of 2nd period - Andy Miele wins face-off versus Mika Zibanejad in Canadiens zone.
17:46 of 2nd period - Slapshot by Jaden Schwartz.
17:46 of 2nd period - Stopped by Robin Lehner with a rebound.
17:48 of 2nd period - Snap shot by Jaden Schwartz.
17:48 of 2nd period - Shot Misses the Net.
17:50 of 2nd period - Wrist shot by Josh Morrissey.
17:50 of 2nd period - Deflect By Andy Miele.
17:50 of 2nd period - Shot Misses the Net.
17:50 of 2nd period - Puck is out of play.
17:51 of 2nd period - Claude Giroux wins face-off versus Jean-Gabriel Pageau in Canadiens zone.
17:56 of 2nd period - Snap shot by Alexander Ovechkin.
17:56 of 2nd period - Deflect By Mikael Granlund.
17:56 of 2nd period - Shot Blocked by Greg Stewart.
17:56 of 2nd period - Puck is out of play.
17:57 of 2nd period - Jean-Gabriel Pageau wins face-off versus Claude Giroux in Canadiens zone.
18:02 of 2nd period - Slapshot by Mikael Granlund.
18:02 of 2nd period - Stopped by Robin Lehner without a rebound.
18:03 of 2nd period - Claude Giroux wins face-off versus Kyle Clifford in Canadiens zone.
18:12 of 2nd period - Snap shot by Mikael Granlund.
18:12 of 2nd period - Shot Misses the Net.
18:50 of 2nd period - Icing by Jiri Sekac.
18:51 of 2nd period - Mike Richards wins face-off versus Scott Laughton in Canadiens zone.
19:04 of 2nd period - Slapshot by Rasmus Ristolainen.
19:04 of 2nd period - Stopped by Kari Lehtonen with a rebound.
19:06 of 2nd period - Wrist shot by Brandon Bollig.
19:06 of 2nd period - Stopped by Kari Lehtonen without a rebound.
19:07 of 2nd period - Mikael Granlund wins face-off versus Mika Zibanejad in Predators zone.
19:34 of 2nd period - Andy Miele is hit by Corban Knight and loses puck.
19:45 of 2nd period - Kevin Shattenkirk is hit by Andy Miele and loses puck.
Goals for this period are 1 for Predators vs 0 for Canadiens.
Shots for this period are 11 for Predators vs 12 for Canadiens.
3rd period
0:01 of 3rd period - Claude Giroux wins face-off versus Mika Zibanejad in neutral zone.
0:04 of 3rd period - Slapshot by Ryan Mcdonagh.
0:04 of 3rd period - Shot Misses the Net.
0:26 of 3rd period - David Pastrnak is hit by Andy Miele.
0:30 of 3rd period - Jaden Schwartz is hit by Greg Stewart.
1:14 of 3rd period - Slapshot by Ty Rattie.
1:14 of 3rd period - Stopped by Kari Lehtonen without a rebound.
1:15 of 3rd period - Mika Zibanejad wins face-off versus Claude Giroux in Predators zone.
1:18 of 3rd period - Snap shot by Mika Zibanejad.
1:18 of 3rd period - Shot Misses the Net.
1:20 of 3rd period - Wrist shot by Justin Schultz.
1:20 of 3rd period - Stopped by Kari Lehtonen with a rebound.
1:26 of 3rd period - Backhand shot by Mika Zibanejad.
1:26 of 3rd period - Stopped by Kari Lehtonen with a rebound.
1:42 of 3rd period - Jean-Gabriel Pageau is hit by Reilly Smith and loses puck.
1:55 of 3rd period - Slapshot by Reilly Smith.
1:55 of 3rd period - Shot Blocked by Kevin Shattenkirk.
2:07 of 3rd period - Slapshot by Rickard Rakell.
2:07 of 3rd period - Shot Misses the Net.
2:51 of 3rd period - Snap shot by Mikael Granlund.
2:51 of 3rd period - Shot Misses the Net.
2:53 of 3rd period - Wrist shot by Mikael Granlund.
2:53 of 3rd period - Goal by Mikael Granlund - Predators : 4 - Canadiens : 1.
2:54 of 3rd period - Claude Giroux wins face-off versus Mika Zibanejad in neutral zone.
2:59 of 3rd period - Wrist shot by Claude Giroux.
2:59 of 3rd period - Stopped by Robin Lehner without a rebound.
3:00 of 3rd period - Claude Giroux wins face-off versus Mika Zibanejad in Canadiens zone.
3:05 of 3rd period - Wrist shot by Claude Giroux.
3:05 of 3rd period - Deflect By Alexander Ovechkin.
3:05 of 3rd period - Stopped by Robin Lehner with a rebound.
3:13 of 3rd period - Slapshot by Mika Zibanejad.
3:13 of 3rd period - Stopped by Kari Lehtonen without a rebound.
3:14 of 3rd period - Claude Giroux wins face-off versus Mika Zibanejad in Predators zone.
3:55 of 3rd period - Snap shot by Andy Miele.
3:55 of 3rd period - Stopped by Robin Lehner without a rebound.
3:56 of 3rd period - Mika Zibanejad wins face-off versus Scott Laughton in Canadiens zone.
4:02 of 3rd period - Minor Penalty to Kyle Clifford for Cross-checking.
4:03 of 3rd period - Claude Giroux wins face-off versus Mike Richards in Canadiens zone.
4:10 of 3rd period - Slapshot by Rasmus Ristolainen.
4:10 of 3rd period - Stopped by Kari Lehtonen with a rebound.
4:14 of 3rd period - Slapshot by Rasmus Ristolainen.
4:14 of 3rd period - Stopped by Kari Lehtonen without a rebound.
4:15 of 3rd period - Mike Richards wins face-off versus Markus Granlund in Predators zone.
4:22 of 3rd period - Slapshot by Rasmus Ristolainen.
4:22 of 3rd period - Shot Misses the Net.
4:56 of 3rd period - Brent Burns is hit by Alexander Ovechkin and loses puck.
6:02 of 3rd period - Penalty to Kyle Clifford is over, Kyle Clifford is back on ice.
6:15 of 3rd period - Minor Penalty to Scott Laughton for Goalie Interference.
6:16 of 3rd period - Andy Miele wins face-off versus Mika Zibanejad in Predators zone.
6:23 of 3rd period - Off-side.
6:24 of 3rd period - Andy Miele wins face-off versus Mika Zibanejad in neutral zone.
6:48 of 3rd period - Andy Miele is hit by Kevin Shattenkirk and loses puck.
6:59 of 3rd period - Slapshot by Greg Stewart.
6:59 of 3rd period - Goal by Greg Stewart - Predators : 4 - Canadiens : 2.
7:00 of 3rd period - Claude Giroux wins face-off versus Mika Zibanejad in neutral zone.
7:08 of 3rd period - Icing by Ryan Mcdonagh.
7:09 of 3rd period - Claude Giroux wins face-off versus Mika Zibanejad in Predators zone.
7:11 of 3rd period - Icing by Ryan Mcdonagh.
7:12 of 3rd period - Mika Zibanejad wins face-off versus Claude Giroux in Predators zone.
7:41 of 3rd period - Slapshot by Ryan Mcdonagh.
7:41 of 3rd period - Stopped by Robin Lehner without a rebound.
7:42 of 3rd period - Jean-Gabriel Pageau wins face-off versus Andy Miele in Canadiens zone.
7:51 of 3rd period - Wrist shot by David Pastrnak.
7:51 of 3rd period - Stopped by Kari Lehtonen with a rebound.
8:01 of 3rd period - Slapshot by Rasmus Ristolainen.
8:01 of 3rd period - Deflect By Greg Stewart.
8:01 of 3rd period - Shot Misses the Net.
8:01 of 3rd period - Puck is out of play.
8:02 of 3rd period - Mika Zibanejad wins face-off versus Claude Giroux in Predators zone.
8:13 of 3rd period - Kyle Clifford is hit by John Moore and loses puck.
10:28 of 3rd period - Minor Penalty to David Pastrnak for Interference.
10:29 of 3rd period - Mike Richards wins face-off versus Markus Granlund in Canadiens zone.
11:00 of 3rd period - Wrist shot by Alexander Ovechkin.
11:00 of 3rd period - Goal by Alexander Ovechkin - Predators : 5 - Canadiens : 2.
11:01 of 3rd period - Mika Zibanejad wins face-off versus Claude Giroux in neutral zone.
11:03 of 3rd period - Kevin Shattenkirk is hit by John Moore and loses puck.
11:08 of 3rd period - Wrist shot by Mika Zibanejad.
11:08 of 3rd period - Shot Misses the Net.
11:10 of 3rd period - Snap shot by Mika Zibanejad.
11:10 of 3rd period - Stopped by Kari Lehtonen without a rebound.
11:11 of 3rd period - Claude Giroux wins face-off versus Mika Zibanejad in Predators zone.
11:34 of 3rd period - Slapshot by Kyle Clifford.
11:34 of 3rd period - Shot Misses the Net.
11:36 of 3rd period - Slapshot by Kevin Shattenkirk.
11:36 of 3rd period - Deflect By Mikael Granlund.
11:36 of 3rd period - Stopped by Kari Lehtonen with a rebound.
11:38 of 3rd period - Slapshot by Kevin Shattenkirk.
11:38 of 3rd period - Stopped by Kari Lehtonen without a rebound.
11:39 of 3rd period - Andy Miele wins face-off versus Jean-Gabriel Pageau in Predators zone.
13:20 of 3rd period - Icing by Jaden Schwartz.
13:21 of 3rd period - Andy Miele wins face-off versus Jordan Szwarz in Predators zone.
14:10 of 3rd period - Josh Morrissey is hit by Rickard Rakell and loses puck.
14:15 of 3rd period - Snap shot by Kevin Shattenkirk.
14:15 of 3rd period - Shot Misses the Net.
14:17 of 3rd period - Slapshot by Justin Schultz.
14:17 of 3rd period - Stopped by Kari Lehtonen with a rebound.
14:35 of 3rd period - Wrist shot by Nicolas Kerdiles.
14:35 of 3rd period - Stopped by Robin Lehner with a rebound.
14:37 of 3rd period - Wrist shot by Nicolas Kerdiles.
14:37 of 3rd period - Shot Misses the Net.
15:09 of 3rd period - Snap shot by Mike Richards.
15:09 of 3rd period - Shot Misses the Net.
16:21 of 3rd period - Off-side.
16:22 of 3rd period - Corban Knight wins face-off versus Claude Giroux in neutral zone.
16:37 of 3rd period - Corban Knight is hit by Mark Pysyk and loses puck.
17:18 of 3rd period - Kyle Clifford is hit by Andreas Englund and loses puck.
18:37 of 3rd period - Icing by Travis Dermott.
18:38 of 3rd period - Andy Miele wins face-off versus Mika Zibanejad in Predators zone.
19:03 of 3rd period - Alexander Ovechkin is hit by David Pastrnak and loses puck.
19:57 of 3rd period - Wrist shot by Alexander Ovechkin.
19:57 of 3rd period - Stopped by Robin Lehner without a rebound.
19:58 of 3rd period - Mika Zibanejad wins face-off versus Lucas Wallmark in Canadiens zone.
Goals for this period are 2 for Predators vs 1 for Canadiens.
Shots for this period are 8 for Predators vs 12 for Canadiens.